 Dungeon Crawl Stone Soup version 0.20.1-1-g8b1a95d (webtiles) character file.

59177 Larett the Warrior (level 14, -14/148 HPs)
             Began as a Minotaur Berserker on Sept 27, 2017.
             Was an Elder of Trog.
             Demolished by an acid blob (22 damage)
             ... on level 6 of the Lair of Beasts.
             The game lasted 01:17:56 (24488 turns).

Larett the Warrior (Minotaur Berserker)            Turns: 24488, Time: 01:17:56

Health: -14/148    AC:  6    Str: 22    XL:     14   Next: 52%
Magic:  22/22      EV: 12    Int:  4    God:    Trog [****..]
Gold:   1550       SH:  0    Dex: 28    Spells: 13/13 levels left

rFire    . . .     SeeInvis +   t - +5 battleaxe (flame)
rCold    . . .     Gourm    .   (shield currently unavailable)
rNeg     . . .     Faith    .   k - +2 steam dragon scales
rPois    .         Spirit   .   (helmet restricted)
rElec    .         Reflect  .   W - +2 cloak
rCorr    .         Harm     .   (no gloves)
MR       +....                  f - +2 pair of boots
Stlth    +++.......             (no amulet)
Regen    0.4/turn               r - ring of Momo {+Inv MP+9 Dex+8 Slay-3 Stlth+}
MPRegen  0.2/turn               m - ring "Uvvaisk" {Dex+5 Slay+5 SInv}

@: corroded, drained
A: retaliatory headbutt, horns 2, talons 1, molten scales 1, rugged brown scales
1, thin metallic scales 1, evolution 1
a: Berserk, Trog's Hand, Brothers in Arms, Burn Spellbooks, Renounce Religion,
Evoke Invisibility


You were on level 6 of the Lair of Beasts.
You worshipped Trog.
Trog was greatly pleased with you.
You were not hungry.

You visited 3 branches of the dungeon, and saw 18 of its levels.
You also visited: Sewer, Ossuary and Volcano.

You collected 1673 gold pieces.
You spent 123 gold pieces at shops.

Inventory:

Hand Weapons
 a - the +8 short sword of Trial by Ordeal {venom, rElec rF+ rC- Dex+3}
   (You found it on level 8 of the Dungeon)

   It poisons the flesh of those it strikes.
   It affects your dexterity (+3).
   It protects you from fire.
   It makes you vulnerable to cold.
   It insulates you from electricity.
 b - a +5 blowgun
 h - a +3 double sword of holy wrath {god gift}
 t - a +5 battleaxe of flaming (weapon)
 C - a +1 antimagic battleaxe {god gift}
Missiles
 g - 40 poisoned needles
 y - 5 curare-tipped needles
 F - 461 stones (quivered)
Armour
 f - a +2 pair of boots (worn)
 i - the +1 chain mail of the Lotus Blossom {rC+ rCorr MP-9 Int+3}
   (You found it on level 9 of the Dungeon)

   It affects your intelligence (+3).
   It protects you from cold.
   It affects your magic capacity (-9).
   It protects you from acid and corrosion.
 k - +2 steam dragon scales (worn)
 R - a +3 plate armour of fire resistance
 W - a +2 cloak (worn)
Jewellery
 c - an uncursed ring of protection from cold
 m - the ring "Uvvaisk" (right hand) {Dex+5 Slay+5 SInv}
   (You found it on level 6 of the Dungeon)

   [ring of see invisible]

   It affects your dexterity (+5).
   It affects your accuracy and damage with ranged weapons and melee attacks
   (+5).
   It lets you see invisible.
 r - the ring of Momo (left hand) {+Inv MP+9 Dex+8 Slay-3 Stlth+}
   (You found it on level 8 of the Dungeon)

   [ring of stealth]

   It affects your dexterity (+8).
   It affects your accuracy and damage with ranged weapons and melee attacks
   (-3).
   It affects your magic capacity (+9).
   It lets you turn invisible.
   It makes you more stealthy.
Wands
 D - a wand of digging (12/24)
 L - a wand of lightning (11/15)
 S - a wand of scattershot (6/9)
Scrolls
 d - 8 scrolls of immolation
 e - a scroll of holy word {unknown}
 j - a scroll of fog {unknown}
 l - 3 scrolls of fear
 n - 2 scrolls of silence {!r}
 B - 4 scrolls of blinking
 H - 3 scrolls of remove curse
 M - 2 scrolls of magic mapping
 O - 3 scrolls of recharging
 T - 3 scrolls of teleportation
 Z - 2 scrolls of enchant weapon
Potions
 o - a potion of cancellation {unknown}
 p - 9 potions of agility
 v - 3 potions of mutation {!q}
 w - a potion of ambrosia {unknown}
 x - 3 potions of haste
 E - 7 potions of heal wounds
 G - a potion of berserk rage {unknown}
 I - 3 potions of lignification
 K - 2 potions of resistance {unknown}
 P - 3 potions of invisibility
 Q - 5 potions of curing
 V - 3 potions of might
 Y - 4 potions of flight
Miscellaneous
 U - a box of beasts
 X - a phial of floods
Comestibles
 u - 4 bread rations
 z - 6 meat rations
 J - 30 fruits
 N - 3 royal jellies


   Skills:
 + Level 18.7(17.2) Fighting
 + Level 11.9(10.6) Short Blades
 + Level 18.5(17.0) Axes
 - Level 2.4(1.4) Armour
 - Level 2.1(1.2) Dodging


You had 13 spell levels left.
You didn't know any spells.

Dungeon Overview and Level Annotations

Branches:
Dungeon (11/15)            Temple (0/1) D:4            Lair (6/6) D:8
  Swamp (0/4) Lair:3        Snake (0/4) Lair:3        Slime (0/5) Lair:6
    Orc (1/2) D:9

Altars:
Dithmenos
Elyvilon
Fedhas
Kikubaaqudgha
Sif Muna
Trog
Uskayaw
Xom
Jiyva

Shops:
D:10 ?


Innate Abilities, Weirdness & Mutations

You reflexively headbutt those who attack you in melee.
You have a pair of horns on your head.
You have sharp toenails.
You are partially covered in molten scales. (AC +2)
You are partially covered in rugged brown scales. (AC +1, +3% HP)
You are partially covered in thin metallic scales. (AC +2)
You evolve.


Message History

You kill the acid blob!
Trog accepts your kill. The acid blob spits acid at you.
The splash of acid hits you! The acid corrodes you!
You are splashed with acid!
The acid burns!
The acid blob spits acid at you. The splash of acid hits you!
The acid corrodes you!
You are splashed with acid!
The acid burns!
There is an open door here.
You barely miss the acid blob.
You headbutt the acid blob, but do no damage.
The acid blob hits you!!
* * * LOW HITPOINT WARNING * * *
You are splashed with acid!
The acid burns!
* * * LOW HITPOINT WARNING * * *
You chop the acid blob into pieces!!! You burn the acid blob!
Your hands burn!
* * * LOW HITPOINT WARNING * * *
The acid blob is heavily wounded.
The acid blob hits you!!
You die...

...###.#..#....#####
#P....##
#..##..........P#
##...#.#
...#............#
#..#.#.
P....(....PP....##
#......
#..P.P.....P.....#
#.....#^.
#..##....#.#P....###
##...###.
P...##..##.#.....#.#
#.....###
...###.#.##.P.....#
##.Y..#P.
....##.....P..##@##
..Y......
............P.#.J.#
..........
...<..........#...#
....Y.....
..............#.>.#
#..#
...........########
Y# .....##.####
.....### ..


You could see an acid blob.

Vanquished Creatures
  An acid blob (Lair:6)
  The ghost of Aolhelm the Severer, a journeyman DDFi of Makhleb (Volcano)
  The ghost of Morgon the Brawler, a journeyman TrWz of Kikubaaqudgha (D:10)
  Harold (D:11)
  The ghost of halloween the Basher, a journeyman MiBe of Trog (Volcano)
  4 hydras
  Erica (D:9)
  A catoblepas (Lair:3)
  3 two-headed ogres
  6 death yaks
  Sonja (D:11)
  2 skeletal warriors (Volcano)
  A lindwurm (Lair:1)
  2 oklob plants (Lair:2)
  A cyclops (D:10)
  3 ugly things
  A manticore (D:10)
  6 black mambas
  A centaur zombie (D:10)
  11 spiny frogs
  6 gargoyles
  8 rime drakes
  The ghost of belenar the Shield-Bearer, a novice GrFi (D:4)
  8 komodo dragons
  2 trolls
  A tengu conjurer (D:11)
  3 blink frogs (Lair:4)
  A hornet (D:11)
  Grinder (D:5)
  2 harpy skeletons (Volcano)
  20 hippogriffs
  A slime creature (D:8)
  47 yaks
  2 flying skulls (Volcano)
  2 alligator skeletons (Volcano)
  9 wyverns
  A vampire mosquito (D:8)
  2 hungry ghosts
  5 basilisks
  Menkaure (Ossuary)
  2 steam dragons (D:8)
  3 nagas (Lair:3)
  20 water moccasins
  Duvessa (D:4)
  9 porcupines
  A hornet zombie (D:11)
  4 ice beasts
  6 orc warriors
  6 sky beasts
  An eye of draining (D:11)
  2 phantoms
  8 ogres
  2 necrophages
  8 crocodiles
  2 centaurs
  22 bullfrogs
  3 gnoll sergeants
  12 big kobolds
  Dowan (D:4)
  A wyvern skeleton (D:8)
  A water moccasin skeleton (D:7)
  A scorpion (D:4)
  5 killer bees (D:10)
  2 spriggan skeletons (Volcano)
  8 wights
  A troll skeleton (Volcano)
  2 howler monkeys (D:8)
  A bullfrog zombie (D:8)
  7 crimson imps
  5 jellies
  8 orc priests
  10 hounds
  2 bullfrog skeletons
  4 orc wizards
  2 centaur skeletons
  5 iguanas
  6 hell rats (Lair:2)
  7 worker ants
  4 naga skeletons (Volcano)
  A hound skeleton (D:4)
  2 mummies (Ossuary)
  A howler monkey zombie (D:10)
  4 worker ant zombies
  Robin (D:3)
  17 gnolls
  20 adders
  A howler monkey skeleton (D:7)
  6 river rats
  5 shadow imps
  An ooze (Sewer)
  6 adder skeletons
  3 adder zombies
  3 worms
  2 dart slugs
  6 leopard geckos
  24 orcs
  5 ball pythons
  8 bats
  2 bat skeletons (D:2)
  2 bat zombies (D:2)
  3 giant cockroaches
  A gnoll zombie (Ossuary)
  16 goblins
  9 hobgoblins
  13 jackals
  8 quokkas
  16 frilled lizards
  2 giant cockroach zombies
  2 gnoll skeletons (Ossuary)
  2 goblin skeletons (Ossuary)
  3 goblin zombies (Ossuary)
  2 hobgoblin skeletons (Ossuary)
  3 hobgoblin zombies (Ossuary)
  A jackal zombie (D:2)
  32 kobolds
  4 kobold skeletons (Ossuary)
  4 kobold zombies (Ossuary)
  A leopard gecko zombie (D:2)
  3 orc skeletons (Ossuary)
  2 orc zombies (Ossuary)
  A quokka skeleton (D:2)
  2 quokka zombies
  35 rats
  A rat skeleton (Ossuary)
  A rat zombie (Ossuary)
  2 fungi (Lair:5)
  3 plants
659 creatures vanquished.

Vanquished Creatures (collateral kills)
  2 death yaks (D:8)
  A river rat (D:8)
  A rat (D:8)
4 creatures vanquished.

Vanquished Creatures (others)
  A flying skull (Volcano)
  A mummy (Ossuary)
  2 gnoll skeletons (Ossuary)
  A goblin skeleton (Ossuary)
  3 goblin zombies (Ossuary)
  A hobgoblin skeleton (Ossuary)
  2 kobold skeletons (Ossuary)
  3 kobold zombies (Ossuary)
  2 orc skeletons (Ossuary)
  3 orc zombies (Ossuary)
  3 rat skeletons (Ossuary)
  2 rat zombies (Ossuary)
  3 bushes (Lair:4)
  7 fungi
  2 plants (Lair:4)
36 creatures vanquished.

Grand Total: 699 creatures vanquished

Notes
Turn   | Place    | Note
-------+----------+-------------------------------------------
     0 | D:1      | Larett the Minotaur Berserker began the quest for the Orb.
     0 | D:1      | Reached XP level 1. HP: 19/19 MP: 0/0
     3 | D:1      | Noticed an electric eel
   123 | D:1      | Reached XP level 2. HP: 24/27 MP: 1/1
   461 | D:1      | Reached ** piety under Trog
   810 | D:2      | Reached XP level 3. HP: 34/34 MP: 2/2
   975 | D:2      | Reached XP level 4. HP: 33/41 MP: 3/3
  1869 | D:3      | Reached *** piety under Trog
  1872 | D:3      | Reached XP level 5. HP: 40/48 MP: 4/4
  1925 | D:3      | Noticed Robin
  1958 | D:3      | Killed Robin
  2143 | D:3      | Found a shimmering altar of Xom.
  2326 | D:3      | Reached skill level 6 in Axes
  2328 | D:3      | Reached skill level 6 in Fighting
  2790 | D:3      | Found a shadowy altar of Dithmenos.
  2790 | D:3      | Found a faded altar of an unknown god.
  2795 | D:3      | Found a white marble altar of Elyvilon.
  2797 | D:3      | Found a faded altar of an unknown god.
  2799 | D:3      | Found a bloodstained altar of Trog.
  2903 | D:4      | Reached XP level 6. HP: 57/57 MP: 5/5
  2929 | D:4      | Noticed belenar's ghost (novice GrFi)
  3043 | D:4      | Killed belenar's ghost
  3043 | D:4      | Reached XP level 7. HP: 66/66 MP: 6/6
  3224 | D:4      | Found a glowing drain.
  3233 | Sewer    | Entered a sewer
  3308 | Sewer    | Reached **** piety under Trog
  3997 | D:4      | Found a bloodstained altar of Trog.
  4164 | D:4      | Noticed Duvessa
  4166 | D:4      | Noticed Dowan
  4177 | D:4      | Killed Duvessa
  4177 | D:4      | Reached skill level 9 in Axes
  4177 | D:4      | Reached XP level 8. HP: 66/75 MP: 7/7
  4196 | D:4      | Killed Dowan
  4377 | D:4      | Found a staircase to the Ecumenical Temple.
  4701 | D:5      | Entered Level 5 of the Dungeon
  4721 | D:5      | Noticed Grinder
  4723 | D:5      | Paralysed by Grinder for 6 turns
  4736 | D:5      | Killed Grinder
  4736 | D:5      | Reached skill level 9 in Fighting
  5810 | D:6      | Found a sand-covered staircase.
  5816 | Ossuary  | Entered an ossuary
  5954 | Ossuary  | Reached ***** piety under Trog
  6047 | Ossuary  | Noticed Menkaure
  6051 | Ossuary  | Killed Menkaure
  6208 | D:6      | Reached XP level 9. HP: 86/86 MP: 8/8
  6314 | D:6      | Got a fine brass ring
  6315 | D:6      | Identified the ring "Uvvaisk" {Dex+5 Slay+5 SInv} (You found it on level 6 of the Dungeon)
  6360 | D:6      | Noticed a hand axe
  6361 | D:6      | Found a hide-covered altar of Uskayaw.
  6362 | D:6      | Noticed a hand axe
  6470 | D:6      | Found a blossoming altar of Fedhas.
  7530 | D:7      | Reached skill level 12 in Fighting
  7530 | D:7      | Reached skill level 12 in Axes
  7682 | D:7      | Found a deep blue altar of Sif Muna.
  7843 | D:8      | Found a transporter.
  7879 | D:8      | Noticed a death yak
  7883 | D:8      | Noticed a death yak
  7889 | D:8      | Noticed a death yak
  7891 | D:8      | Killed a death yak
  7891 | D:8      | Reached XP level 10. HP: 99/99 MP: 9/9
  7896 | D:8      | Killed a death yak
  7899 | D:8      | Killed a death yak
  7907 | D:8      | Gained mutation: You are partially covered in molten scales. (AC +2) [mutagenic meat]
  7908 | D:8      | Gained mutation: You tend to lose your temper in combat. [mutagenic meat]
  7909 | D:8      | Gained mutation: Your flesh is heat resistant. (rF+) [mutagenic meat]
  7911 | D:8      | Gained mutation: You are partially covered in rugged brown scales. (AC +1, +3% HP) [mutagenic meat]
  7932 | D:8      | Found a staircase to the Lair.
  7979 | D:8      | Got a translucent short sword
  7980 | D:8      | Identified the +8 short sword of Trial by Ordeal {venom, rElec rF+ rC- Dex+3} (You found it on level 8 of the Dungeon)
  8016 | D:8      | Lost mutation: You tend to lose your temper in combat. [mutagenic meat]
  8017 | D:8      | Gained mutation: You evolve. [mutagenic meat]
  8091 | D:8      | Found a transporter.
  8114 | D:8      | Noticed a red ugly thing
  8119 | D:8      | Killed a red ugly thing
  8124 | D:8      | Gained mutation: You are clumsy. (Dex -2) [mutagenic meat]
  8125 | D:8      | Lost mutation: You are clumsy. (Dex -2) [mutagenic meat]
  8126 | D:8      | Lost mutation: Your flesh is heat resistant. (rF+) [mutagenic meat]
  8134 | D:8      | Got a warped silver ring
  8136 | D:8      | Identified the ring of Momo {+Inv MP+9 Dex+8 Slay-3 Stlth+} (You found it on level 8 of the Dungeon)
  8441 | D:8      | Noticed a two-headed ogre
  8458 | D:8      | Killed a two-headed ogre
  8637 | D:8      | Reached XP level 11. HP: 83/113 MP: 10/10
  9207 | D:8      | Noticed a two-headed ogre
  9223 | D:8      | Killed a two-headed ogre
  9836 | D:9      | Noticed Erica
  9842 | D:9      | Killed Erica
  9865 | D:9      | Got a spiked chain mail
  9876 | D:9      | Identified the cursed +1 chain mail of the Lotus Blossom {rC+ rCorr MP-9 Int+3} (You found it on level 9 of the Dungeon)
  9895 | D:9      | Found a staircase to the Orcish Mines.
 10280 | D:9      | Reached skill level 15 in Fighting
 10409 | Orc:1    | Entered Level 1 of the Orcish Mines
 10439 | Orc:1    | Noticed an orc sorcerer
 10446 | Orc:1    | Noticed a sun demon
 10971 | D:10     | Entered Level 10 of the Dungeon
 10991 | D:10     | Reached skill level 15 in Axes
 11003 | D:10     | Received a gift from Trog
 11007 | D:10     | Gained mutation: You are partially covered in thin metallic scales. (AC +2) [evolution]
 11087 | D:10     | Found Odicit's Magic Scroll Boutique.
 11092 | D:10     | Bought a scroll of enchant armour for 97 gold pieces
 11092 | D:10     | Bought a scroll of identify for 26 gold pieces
 11164 | D:10     | Reached skill level 1 in Short Blades
 11167 | D:10     | Gained mutation: You possess an exceptional clarity of mind. [mutagenic meat]
 11187 | D:10     | Noticed Morgon's ghost (journeyman TrWz)
 11215 | D:10     | Killed Morgon's ghost
 11519 | D:10     | Reached skill level 3 in Short Blades
 11562 | D:10     | Found an ancient bone altar of Kikubaaqudgha.
 12239 | D:10     | Noticed a seven-headed hydra
 12251 | D:10     | Killed a seven-headed hydra
 12709 | D:10     | Reached XP level 12. HP: 119/125 MP: 11/11
 13903 | D:11     | Reached skill level 6 in Short Blades
 14058 | D:11     | Noticed Sonja
 14182 | D:11     | Killed Sonja
 14270 | D:11     | Noticed Harold
 14527 | D:11     | Killed Harold
 14533 | D:11     | Noticed a two-headed ogre
 14537 | D:11     | Killed a two-headed ogre
 14611 | D:11     | Lost mutation: You possess an exceptional clarity of mind. [evolution]
 14828 | D:11     | Received a gift from Trog
 15120 | Lair:1   | Entered Level 1 of the Lair of Beasts
 15145 | Lair:1   | Found a dark tunnel.
 15150 | Volcano  | Entered a volcano
 15150 | Volcano  | Noticed Aolhelm's ghost (journeyman DDFi)
 15150 | Volcano  | Noticed halloween's ghost (journeyman MiBe)
 15172 | Volcano  | Killed halloween's ghost
 15184 | Volcano  | Killed Aolhelm's ghost
 15987 | Volcano  | Gained mutation: You have sharp toenails. [evolution]
 16114 | Volcano  | Reached XP level 13. HP: 111/133 MP: 12/12
 17992 | Lair:2   | Reached skill level 9 in Short Blades
 18637 | Lair:3   | Found a staircase to the Snake Pit.
 19598 | Lair:3   | Received a gift from Trog
 19713 | Lair:3   | Found a staircase to the Swamp.
 20824 | Lair:3   | Reached skill level 18 in Fighting
 21940 | Lair:4   | Reached XP level 14. HP: 120/147 MP: 13/13
 21963 | Lair:4   | Reached skill level 18 in Axes
 22548 | Lair:5   | Received a gift from Trog
 23564 | Lair:5   | You fall through a shaft!
 23564 | Lair:6   | Entered Level 6 of the Lair of Beasts
 24469 | Lair:6   | Found a runed door.
 24470 | Lair:6   | Found a viscous altar of Jiyva.
 24471 | Lair:6   | Found a staircase to the Slime Pits.
 24471 | Lair:6   | Noticed an acid blob
 24471 | Lair:6   | Noticed an acid blob
 24485 | Lair:6   | Killed an acid blob
 24488 | Lair:6   | Demolished by an acid blob

Skill      XL: |  1  2  3  4  5  6  7  8  9 10 11 12 13 14 |
---------------+-------------------------------------------+-----
Axes           | 4 5 6 7 9 10 12 14 15 16 17 18 | 18.5
Fighting       | 4 5 6 7 8 10 12 14 15 16 18 | 18.7
Short Blades   | 4 8 10 11 | 11.9
Armour         | |  2.4
Dodging        | |  2.1

Action                   |  1- 3 |  4- 6 |  7- 9 | 10-12 | 13-15 || total
-------------------------+-------+-------+-------+-------+-------++-------
Melee: Hand axe          |    73 |    93 |   187 |       |       ||   353
       Headbutt          |    12 |    16 |   107 |   195 |   249 ||   579
       Short sword       |       |     4 |       |   426 |   499 ||   929
       War axe           |       |    12 |   184 |    43 |       ||   239
       Battleaxe         |       |       |       |    12 |    37 ||    49
 Fire: Hunting sling     |       |    13 |       |       |       ||    13
       Blowgun           |       |       |       |    23 |    27 ||    50
Throw: Stone             |       |       |       |     3 |     1 ||     4
Invok: Berserk           |       |     3 |     3 |     6 |       ||    12
       Trog's Hand       |       |     2 |     5 |     8 |     1 ||    16
       Brothers in Arms  |       |       |     1 |       |       ||     1
       Burn Spellbooks   |       |       |       |     2 |     2 ||     4
Evoke: Wand              |       |       |       |     3 |       ||     3
  Use: Scroll            |       |    10 |    10 |     7 |    16 ||    43
       Potion            |       |       |       |     8 |     2 ||    10
 Stab: Distracted        |       |       |     1 |     2 |     1 ||     4
       Invisible         |       |       |       |     5 |       ||     5
       Sleeping          |       |       |       |     8 |    10 ||    18
       Petrified         |       |       |       |       |     2 ||     2
  Eat: Chunk             |       |     9 |    20 |    36 |    25 ||    90
       Fruit             |       |       |     1 |     3 |     2 ||     6
       Bread ration      |       |       |       |     2 |       ||     2
Armor: Leather armour    |     2 |       |       |       |       ||     2
       Ring mail         |    20 |    60 |    95 |    20 |       ||   195
       Steam dragon scal |       |       |       |   132 |   236 ||   368
       Chain mail        |       |       |       |    26 |       ||    26
       Plate armour      |       |       |       |       |    20 ||    20
Dodge: Dodged            |    38 |    87 |   228 |   314 |   312 ||   979
